3AA
SALEM MISFITS @ SAN ANTONIO BC
07/20/2034
 
TOP OF THE 1ST
Salem Misfits batting - Pitching for San Antonio BC : LHP Jordan Coffey
Pitching: LHP Jordan Coffey
Batting: RHB Nelson Rivera 0-0: Swinging Strike
0-1: Bunt for hit - play at first, batter OUT! 1-3
Batting: RHB Kimi Okubo 0-0: Called Strike
0-1: Ball
1-1: Ball
2-1: Foul Ball, location: 2F
2-2: Ground out 5-3 (Groundball, 5)
Batting: RHB Mariano Saelices 0-0: Called Strike
0-1: Ball
1-1: Ball
2-1: Foul Ball, location: 2F
2-2: Foul Ball, location: 2F
2-2: Foul Ball, location: 2F
2-2: Foul Ball, location: 2F
2-2: SOLO HOME RUN (Flyball, 7D), Distance : 391 ft
Batting: RHB Charles Basle 0-0: Ground out 5-3 (Groundball, 5S)
Top of the 1st over - 1 run, 1 hit, 0 errors, 0 left on base; Salem 1 - San Antonio 0
BOTTOM OF THE 1ST
San Antonio BC batting - Pitching for Salem Misfits : RHP Martín Aguilar
Pitching: RHP Martín Aguilar
Batting: RHB Alfonso Torres 0-0: Called Strike
0-1: Foul Ball, location: 2F
0-2: Fly out, F7 (Flyball, 78D)
Batting: RHB Alba Hidalgo de Jesus 0-0: Foul Ball, location: 2F
0-1: Ball
1-1: Foul Ball, location: 2F
1-2: Strikes out looking
Batting: RHB Mike Howard 0-0: Ball
1-0: Called Strike
1-1: Ball
2-1: Swinging Strike
2-2: Strikes out swinging
Bottom of the 1st over - 0 runs, 0 hits, 0 errors, 0 left on base; Salem 1 - San Antonio 0
TOP OF THE 2ND
Salem Misfits batting - Pitching for San Antonio BC : LHP Jordan Coffey
Batting: SHB Soren Loen 0-0: Fly out, F8 (Flyball, 8RD)
Batting: RHB Jean Couturier 0-0: Ball
1-0: Ball
2-0: Swinging Strike
2-1: Foul Ball, location: 2F
2-2: Ball
3-2: Fly out, F7 (Flyball, 7S)
Batting: RHB Atanza Vongor 0-0: Called Strike
0-1: Ball
1-1: Ball
2-1: Swinging Strike
2-2: Ball
3-2: Strikes out looking
Top of the 2nd over - 0 runs, 0 hits, 0 errors, 0 left on base; Salem 1 - San Antonio 0
BOTTOM OF THE 2ND
San Antonio BC batting - Pitching for Salem Misfits : RHP Martín Aguilar
Batting: RHB Silverberry Mouhon 0-0: Ball
1-0: Ball
2-0: Ball
3-0: Called Strike
3-1: Fly out, F8 (Flyball, 8RD)
Batting: RHB Chet Mathis 0-0: Fly out, F9 (Flyball, 9S)
Batting: RHB José Salinas 0-0: Ball
1-0: Called Strike
1-1: Swinging Strike
1-2: Ball
2-2: Ball
3-2: SINGLE (Line Drive, 6MD)
Batting: RHB Dixon Snyder 0-0: Ball
1-0: Ball
2-0: Ball
3-0: Called Strike
3-1: Called Strike
3-2: Foul Ball, location: 2F
3-2: Reached on error, E6 (Groundball, 6)
José Salinas to second
Batting: RHB Brodie Floyd 0-0: Called Strike
0-1: Ball
1-1: Foul Ball, location: 2F
1-2: Strikes out swinging
Bottom of the 2nd over - 0 runs, 1 hit, 1 error, 2 left on base; Salem 1 - San Antonio 0
TOP OF THE 3RD
Salem Misfits batting - Pitching for San Antonio BC : LHP Jordan Coffey
Batting: RHB Damon Newbold 0-0: Foul Ball, location: 2F
0-1: Called Strike
0-2: Ball
1-2: Ground out 4-3 (Groundball, 4)
Batting: LHB Bill Gracián 0-0: Called Strike
0-1: Swinging Strike
0-2: Ball
1-2: Ball
2-2: Strikes out swinging
Batting: RHB Nelson Rivera 0-0: Ball
1-0: Ball
2-0: Called Strike
2-1: Ball
3-1: Swinging Strike
3-2: SINGLE (Groundball, 6MD)
Batting: RHB Kimi Okubo 0-0: Called Strike
Nelson Rivera steals 2nd base
0-1: Foul Ball, location: 2F
0-2: Ball
1-2: Strikes out swinging
Top of the 3rd over - 0 runs, 1 hit, 0 errors, 1 left on base; Salem 1 - San Antonio 0
BOTTOM OF THE 3RD
San Antonio BC batting - Pitching for Salem Misfits : RHP Martín Aguilar
Batting: RHB Tong-sik Im 0-0: Called Strike
0-1: Ground out 6-3 (Groundball, 6)
Batting: RHB Alfonso Torres 0-0: Fly out, F4 (Popup, 4M)
Batting: RHB Alba Hidalgo de Jesus 0-0: Ball
1-0: Ball
2-0: Ball
3-0: Foul Ball, location: 2F
3-1: Called Strike
3-2: Base on Balls
Batting: RHB Mike Howard 0-0: Foul Ball, location: 2F
0-1: Foul Ball, location: 2F
0-2: 2-RUN HOME RUN (Flyball, 7D), Distance : 401 ft
Batting: RHB Silverberry Mouhon 0-0: Ball
1-0: Fly out, F8 (Flyball, 8LD)
Bottom of the 3rd over - 2 runs, 1 hit, 0 errors, 0 left on base; Salem 1 - San Antonio 2
TOP OF THE 4TH
Salem Misfits batting - Pitching for San Antonio BC : LHP Jordan Coffey
Batting: RHB Mariano Saelices 0-0: Fly out, F7 (Flyball, 78S)
Batting: RHB Charles Basle 0-0: Ball
1-0: Called Strike
1-1: Ball
2-1: Fly out, F9 (Line Drive, 89M)
Batting: SHB Soren Loen 0-0: Called Strike
0-1: Fly out, F7 (Flyball, 7LMF)
Top of the 4th over - 0 runs, 0 hits, 0 errors, 0 left on base; Salem 1 - San Antonio 2
BOTTOM OF THE 4TH
San Antonio BC batting - Pitching for Salem Misfits : RHP Martín Aguilar
Batting: RHB Chet Mathis 0-0: Fly out, F4 (Popup, 4)
Batting: RHB José Salinas 0-0: Ball
1-0: Swinging Strike
1-1: Ground out 6-3 (Groundball, 56)
Batting: RHB Dixon Snyder 0-0: Called Strike
0-1: Swinging Strike
0-2: Ball
1-2: Ball
2-2: Strikes out swinging
Bottom of the 4th over - 0 runs, 0 hits, 0 errors, 0 left on base; Salem 1 - San Antonio 2
TOP OF THE 5TH
Salem Misfits batting - Pitching for San Antonio BC : LHP Jordan Coffey
Batting: RHB Jean Couturier 0-0: Ball
1-0: Fly out, F8 (Flyball, 8RM)
Batting: RHB Atanza Vongor 0-0: Called Strike
0-1: Ground out 6-3 (Groundball, 6)
Batting: RHB Damon Newbold 0-0: Called Strike
0-1: Ball
1-1: Swinging Strike
1-2: Ground out 5-3 (Groundball, 56)
Top of the 5th over - 0 runs, 0 hits, 0 errors, 0 left on base; Salem 1 - San Antonio 2
BOTTOM OF THE 5TH
San Antonio BC batting - Pitching for Salem Misfits : RHP Martín Aguilar
Batting: RHB Brodie Floyd 0-0: Called Strike
0-1: Foul Ball, location: 2F
0-2: Foul Ball, location: 2F
0-2: Ball
1-2: Foul Ball, location: 2F
1-2: Foul Ball, location: 2F
1-2: Foul Ball, location: 2F
1-2: Strikes out swinging
Batting: RHB Tong-sik Im 0-0: Foul Ball, location: 2F
0-1: Ball
1-1: Ball
2-1: Ball
3-1: Swinging Strike
3-2: Foul Ball, location: 2F
3-2: DOUBLE (Line Drive, 78M)
Batting: RHB Alfonso Torres 0-0: Ball
1-0: Swinging Strike
1-1: Called Strike
1-2: Ball
2-2: SINGLE (Groundball, 34D)
Tong-sik Im to third
Batting: RHB Alba Hidalgo de Jesus 0-0: Ball
1-0: Ball
2-0: SINGLE (Groundball, 13S) (infield hit)
Alfonso Torres to second
Batting: RHB Mike Howard 0-0: Ball
1-0: Called Strike
1-1: Ground out U3 (Groundball, 34S)
Tong-sik Im scores
Alfonso Torres to third
Alba Hidalgo de Jesus to second
Batting: RHB Silverberry Mouhon 0-0: Ball
1-0: Ball
2-0: Ball
3-0: Called Strike
3-1: Called Strike
3-2: Base on Balls
Batting: RHB Chet Mathis 0-0: Ball
1-0: Called Strike
1-1: Ground out 5-3 (Groundball, 5L)
Bottom of the 5th over - 1 run, 3 hits, 0 errors, 3 left on base; Salem 1 - San Antonio 3
TOP OF THE 6TH
Salem Misfits batting - Pitching for San Antonio BC : LHP Jordan Coffey
Batting: LHB Bill Gracián 0-0: Ball
1-0: Swinging Strike
1-1: Ball
2-1: Ball
3-1: Base on Balls
Batting: RHB Nelson Rivera 0-0: Ball
1-0: Fielders Choice at 2nd, 3-6 (Groundball, 3)
Batting: RHB Kimi Okubo 0-0: Called Strike
0-1: Ball
1-1: Called Strike
1-2: Ball
2-2: Foul Ball, location: 2F
2-2: Ball
3-2: Foul Ball, location: 2F
3-2: Foul Ball, location: 2F
3-2: Strikes out swinging
Nelson Rivera steals 2nd base
Batter strikes out.
Batting: RHB Mariano Saelices 0-0: Ball
1-0: Foul Ball, location: 2F
1-1: Fly out, F8 (Flyball, 8LXD)
Top of the 6th over - 0 runs, 0 hits, 0 errors, 1 left on base; Salem 1 - San Antonio 3
BOTTOM OF THE 6TH
San Antonio BC batting - Pitching for Salem Misfits : RHP Martín Aguilar
Batting: RHB José Salinas 0-0: Ball
1-0: Called Strike
1-1: Ball
2-1: Foul Ball, location: 2F
2-2: Ground out 6-3 (Groundball, 6)
Batting: RHB Dixon Snyder 0-0: Ball
1-0: Ball
2-0: Ball
3-0: Swinging Strike
3-1: Swinging Strike
3-2: Strikes out swinging
Batting: RHB Brodie Floyd 0-0: Ball
1-0: Foul Ball, location: 2F
1-1: Ball
2-1: Called Strike
2-2: Strikes out swinging
Bottom of the 6th over - 0 runs, 0 hits, 0 errors, 0 left on base; Salem 1 - San Antonio 3
TOP OF THE 7TH
Salem Misfits batting - Pitching for San Antonio BC : LHP Jordan Coffey
Batting: RHB Charles Basle 0-0: Ball
1-0: Called Strike
1-1: Ball
2-1: Swinging Strike
2-2: Ball
3-2: SINGLE (Line Drive, 6MD)
Batting: SHB Soren Loen 0-0: Foul Ball, location: 2F
0-1: Foul Ball, location: 2F
0-2: Ball
1-2: SINGLE (Groundball, 4MD)
Charles Basle to second
Batting: RHB Jean Couturier 0-0: Sac Bunt - play at first, batter OUT! 1-3
Charles Basle to third
Soren Loen to second
Batting: RHB Atanza Vongor 0-0: Called Strike
0-1: Ball
1-1: Swinging Strike
1-2: Strikes out looking
Batting: RHB Damon Newbold 0-0: Ball
1-0: Foul Ball, location: 2F
1-1: SINGLE (Line Drive, 3)
Charles Basle scores
Soren Loen to third
Runner from 3rd tries for Home, SAFE, no throw
Batting: LHB Bill Gracián 0-0: Ball
1-0: Ball
2-0: Ball
3-0: Called Strike
3-1: Foul Ball, location: 2F
3-2: Foul Ball, location: 2F
3-2: Foul Ball, location: 2F
3-2: Base on Balls
Damon Newbold to second
Batting: RHB Nelson Rivera 0-0: Called Strike
0-1: Foul Ball, location: 2F
0-2: Ball
1-2: Hit by Pitch
Damon Newbold to third
Bill Gracián to second
Pitching: LHP Ken Borrego
Batting: RHB Kimi Okubo 0-0: Ball
1-0: Called Strike
1-1: Foul Ball, location: 2F
1-2: Ball
2-2: Foul Ball, location: 2F
2-2: Ball
3-2: Foul Ball, location: 2F
3-2: Fly out, F7 (Flyball, 7)
Top of the 7th over - 2 runs, 3 hits, 0 errors, 3 left on base; Salem 3 - San Antonio 3
BOTTOM OF THE 7TH
San Antonio BC batting - Pitching for Salem Misfits : RHP Martín Aguilar
Batting: RHB Tong-sik Im 0-0: Fly out, F7 (Flyball, 7D)
Batting: RHB Alfonso Torres 0-0: Foul Ball, location: 2F
0-1: Fly out, F4 (Line Drive, 4M)
Batting: RHB Alba Hidalgo de Jesus 0-0: Foul Ball, location: 2F
0-1: Called Strike
0-2: Foul Ball, location: 2F
0-2: Ball
1-2: SINGLE (Groundball, 6MD)
Pitching: RHP David Aguilar
Batting: RHB Mike Howard 0-0: Called Strike
0-1: Ball
1-1: Ball
2-1: Ground out 5-3 (Groundball, 56S)
Bottom of the 7th over - 0 runs, 1 hit, 0 errors, 1 left on base; Salem 3 - San Antonio 3
TOP OF THE 8TH
Salem Misfits batting - Pitching for San Antonio BC : LHP Ken Borrego
Batting: RHB Mariano Saelices 0-0: Swinging Strike
0-1: Ball
1-1: Foul Ball, location: 2F
1-2: Strikes out swinging
Batting: RHB Charles Basle 0-0: SINGLE (Flyball, 7S)
Pinch Runner at 1st Donatas Montiejunas:
Batting: SHB Soren Loen 0-0: Ball
1-0: Ball
2-0: Called Strike
2-1: Reached on error, E6 (Line Drive, 6M)
Donatas Montiejunas to second
Batting: RHB Jean Couturier 0-0: Called Strike
0-1: Ball
1-1: Fly out, F8 (Flyball, 8RD)
Batting: RHB Atanza Vongor 0-0: Called Strike
0-1: Swinging Strike
0-2: Foul Ball, location: 2F
0-2: SINGLE (Flyball, 8RS)
Donatas Montiejunas to third
Soren Loen to second
Runner from 3rd tries for Home, SAFE, throw made home
Batting: RHB Damon Newbold 0-0: Foul Ball, location: 2F
0-1: Ball
1-1: Ground out U3 (Groundball, 34)
Top of the 8th over - 1 run, 2 hits, 1 error, 2 left on base; Salem 4 - San Antonio 3
BOTTOM OF THE 8TH
San Antonio BC batting - Pitching for Salem Misfits : RHP David Aguilar
Now at 3B: Lu Tsai
Now in RF: Donatas Montiejunas
Batting: RHB Silverberry Mouhon 0-0: Ball
1-0: Swinging Strike
1-1: Foul Ball, location: 2F
1-2: Ball
2-2: Strikes out swinging
Batting: RHB Chet Mathis 0-0: Ball
1-0: Ball
2-0: Swinging Strike
2-1: Ground out 4-3 (Groundball, 4)
Batting: RHB José Salinas 0-0: Fly out, F5 (Line Drive, 56S)
Bottom of the 8th over - 0 runs, 0 hits, 0 errors, 0 left on base; Salem 4 - San Antonio 3
TOP OF THE 9TH
Salem Misfits batting - Pitching for San Antonio BC : LHP Ken Borrego
Pitching: RHP Okura Tenno
Batting: LHB Bill Gracián 0-0: Called Strike
0-1: Called Strike
0-2: Ball
1-2: SINGLE (Line Drive, 56)
Pinch Hitting: LHB Pedro Reyes 0-0: Called Strike
0-1: Ball
1-1: Ball
2-1: Ball
3-1: Sac Bunt - play at first, batter OUT! 3-4
Bill Gracián to second
Batting: RHB Kimi Okubo 0-0: Called Strike
0-1: Ball
1-1: Ball
2-1: Ball
3-1: Called Strike
3-2: SINGLE (Line Drive, 7S)
Bill Gracián to third
Batting: RHB Mariano Saelices 0-0: Ball
1-0: Ball
2-0: SINGLE (Flyball, 8RS)
Bill Gracián scores
Kimi Okubo to second
Runner from 2nd tries for 3rd, SAFE, no throw
Batting: LHB Donatas Montiejunas 0-0: SINGLE (Groundball, 6MD)
Kimi Okubo scores
Mariano Saelices to second
Batting: SHB Soren Loen 0-0: Swinging Strike
0-1: Ball
1-1: Foul Ball, location: 2F
1-2: Foul Ball, location: 2F
1-2: SINGLE (Groundball, 4MD)
Mariano Saelices to third
Donatas Montiejunas to second
Runner from 3rd tries for Home, SAFE, throw made at trailing runner, OUT at third!
Pitching: RHP Júlio Luna
Batting: RHB Jean Couturier 0-0: Called Strike
0-1: Fly out, F8 (Flyball, 8RD)
Top of the 9th over - 3 runs, 5 hits, 0 errors, 1 left on base; Salem 7 - San Antonio 3
BOTTOM OF THE 9TH
San Antonio BC batting - Pitching for Salem Misfits : RHP David Aguilar
Now at 3B: Pedro Reyes
Batting: RHB Dixon Snyder 0-0: Swinging Strike
0-1: Foul Ball, location: 2F
0-2: Ball
1-2: Strikes out swinging
Batting: RHB Brodie Floyd 0-0: Ball
1-0: Fly out, F8 (Flyball, 89D)
Batting: RHB Tong-sik Im 0-0: Called Strike
0-1: Ball
1-1: Ground out 6-3 (Groundball, 6M)
Bottom of the 9th over - 0 runs, 0 hits, 0 errors, 0 left on base; Salem 7 - San Antonio 3
Friday, March 29th, 2019 - OOTP Baseball 18.8 Build 76